 Dungeon Crawl Stone Soup version 0.30.0-11-gf55b779eaf (webtiles) character file.

Game seed: 6536746966484041559

130 booth the Conjurer (level 4, -1/30 HPs)
             Began as a Demonspawn Reaver on May 16, 2023.
             Was a Believer of Hepliaklqana.
             Slain by a gnoll sergeant
             ... wielding a +0 spear
              (5 damage)
             ... on level 3 of the Dungeon.
             The game lasted 00:16:26 (2393 turns).

booth the Conjurer (Demonspawn Reaver)              Turns: 2393, Time: 00:16:26

Health: -1/30      AC:  4    Str: 17    XL:     4   Next: 89%
Magic:  16/16      EV: 17    Int: 17    God:    Hepliaklqana [**....]
Gold:   196        SH:  5    Dex: 16    Spells: 2/8 levels left

rFire   . . .        e - +0 dagger (venom)
rCold   + + .        (no shield)
rNeg    . . .        o - +2 robe of the Butterfly {+Inv Fly Int+3}
rPois   +            (no helmet)
rElec   .            (no cloak)
rCorr   .            (no gloves)
SInv    .            (no boots)
Will    .....        c - amulet of Traps {Reflect rPois rC++ Dex+4 SH+5}
Stlth   +            j - ring of Dishonour {MP+9 Str+3}
HPRegen 0.25/turn    k - ring of wizardry
MPRegen 0.15/turn

%: reflection, wizardry (x1)
@: agile, flying
A: reduced essence, powered by pain 1, sturdy frame 2
a: Renounce Religion, Evoke Invisibility, Recall Ancestor, Ancestor Identity


You were on level 3 of the Dungeon.
You worshipped Hepliaklqana.
Hepliaklqana was pleased with you.
You visited 1 branch of the dungeon, and saw 3 of its levels.

You collected 196 gold pieces.

Inventory:

Hand Weapons
 a - a +0 hand axe
 e - a +0 dagger of venom (weapon)
Missiles
 f - 4 poisoned darts (quivered)
Armour
 b - a +0 leather armour
 o - the +2 robe of the Butterfly (worn) {+Inv Fly Int+3}
   (You found it on level 3 of the Dungeon)

   Int:       It affects your intelligence (+3).
   +Inv:      It lets you turn invisible.
   Fly:       It grants you flight.
Jewellery
 c - the amulet of Traps (around neck) {Reflect rPois rC++ Dex+4 SH+5}
   (You acquired it on level 1 of the Dungeon)

   [amulet of reflection]

   It reflects blocked missile attacks.
   Dex:       It affects your dexterity (+4).
   rC:        It greatly protects you from cold.
   rPois:     It protects you from poison.
   SH:        It affects your SH (+5).
 j - the ring of Dishonour (left hand) {MP+9 Str+3}
   (You found it on level 3 of the Dungeon)

   [ring of magical power]

   Str:       It affects your strength (+3).
   MP:        It affects your magic capacity (+9).
 k - a ring of wizardry (right hand)
 n - a +6 ring of strength
Wands
 m - a wand of roots (10)
Scrolls
 d - 4 scrolls of teleportation
 g - a scroll of fear
Potions
 h - a potion of invisibility
 i - a potion of curing
 l - a potion of heal wounds


   Skills:
 + Level 2.7 Fighting
 + Level 3.1 Axes
 + Level 2.3 Dodging
 + Level 2.6 Spellcasting
 + Level 3.6 Conjurations
 + Level 1.9 Necromancy


You had 2 spell levels left.
You knew the following spells:

 Your Spells              Type           Power      Damage    Failure   Level
a - Kiss of Death         Conj/Necr      44%        2d8       2%          1
b - Momentum Strike       Conj/Tloc      16%        3d8       5%          2
c - Hailstorm             Conj/Ice       8%         3d4       11%         3

Your spell library contained the following spells:

 Spells                   Type           Power      Damage    Failure   Level


Dungeon Overview and Level Annotations

Branches:
Dungeon (3/15)

Altars:
Hepliaklqana
Uskayaw
Vehumet

Shops:
D:3 =


Innate Abilities, Weirdness & Mutations

Your life essence is reduced to manifest your ancestor. (-10% HP)
You sometimes gain a little power by taking damage.
Your movements are less encumbered by armour. (ER -4)


Message History

The stone arrow hits the gnoll sergeant!
The gnoll sergeant hits Septima with a +0 spear!
Septima is destroyed!
You see here a +0 hand axe.
The gnoll hits you from afar with a +0 spear.
The gnoll barely misses you. The gnoll sergeant blocks your attack.
The gnoll sergeant is heavily wounded.
The gnoll sergeant hits you with a +0 spear.
The gnoll barely misses you. The gnoll sergeant barely misses you.
The gnoll barely misses you.
You barely miss the gnoll. You block the gnoll sergeant's attack.
You block the gnoll's attack.
You hit the gnoll but do no damage.
The gnoll is poisoned.
You block the gnoll sergeant's attack. You block the gnoll's attack.
You hit the gnoll.
The gnoll looks as sick as possible!
The gnoll is moderately wounded.
The gnoll sergeant hits you from afar with a +0 spear!
You focus on the pain.
You feel agile all of a sudden. The gnoll barely misses you.
You hit the gnoll.
The gnoll is heavily wounded.
The gnoll sergeant barely misses you. You block the gnoll's attack.
You closely miss the gnoll.
The gnoll is almost dead.
You kill the gnoll!
You block the gnoll sergeant's attack. The gnoll sergeant barely misses you.
The gnoll sergeant misses you.
You hit the gnoll sergeant.
The gnoll sergeant is poisoned.
You punch the gnoll sergeant, but do no damage.
The gnoll sergeant is heavily wounded.
The gnoll sergeant hits you with a +0 spear!
* * * LOW HITPOINT WARNING * * *
You hit the gnoll sergeant but do no damage.
The gnoll sergeant looks even sicker.
The gnoll sergeant is heavily wounded.
The gnoll sergeant hits you with a +0 spear.
You die...

#.# ###.### #.#
♣#..)..# ♣ # #.# ♣
#.....#.♣ # #.# ♣.
..... .♣ ###.#
♣.###'###.♣###########
....#
♣........)♣#.........#
##### ♣..♣....♣
#########.. # ♣).g♣)♣
##. ## ♣..@..♣ #. .##
♣♣...♣♣ #. ..## ♣..)♣
#< ...# ♣♣)♣♣ #. ...#
♣.♣### #. .#.#
#####.##.# #. .#.#
#........# #. ...#
#.######## #. .#.# #.#
#.


You could see a gnoll sergeant (very poisoned).

Vanquished Creatures
  A gnoll (D:3)
  A worm (D:2)
  A dart slug (D:1)
  An endoplasm (D:1)
  3 giant cockroaches (D:1)
  4 goblins
  3 hobgoblins
  3 jackals (D:1)
  A quokka (D:1)
  2 ball pythons
  3 bats (D:1)
  3 frilled lizards
  6 kobolds
  A rat (D:1)
33 creatures vanquished.

Vanquished Creatures (collateral kills)
  Jessica (D:3)
  3 gnolls (D:3)
  An adder (D:3)
  A bat (D:1)
  3 endoplasms
  A hobgoblin (D:1)
  A kobold (D:3)
  A quokka (D:1)
  3 ball pythons
  A frilled lizard (D:2)
  A goblin (D:1)
  3 rats (D:2)
20 creatures vanquished.

Vanquished Creatures (others)
  A battlemage (D:3)
1 creature vanquished.

Grand Total: 54 creatures vanquished

Notes
Turn   | Place    | Note
-------+----------+-------------------------------------------
     0 | D:1      | booth the Demonspawn Reaver began the quest for the Orb.
     0 | D:1      | Reached XP level 1. HP: 16/16 MP: 3/3
    48 | D:1      | Found a faded altar of an unknown god.
    72 | D:1      | Gained mutation: You sometimes gain a little power by
                  | taking damage. [demonic ancestry]
    72 | D:1      | Reached XP level 2. HP: 17/22 MP: 5/5
    78 | D:1      | Prayed at the altar of an unknown god.
    78 | D:1      | Became a worshipper of Hepliaklqana the Forgotten
    78 | D:1      | Reached * piety under Hepliaklqana
   315 | D:1      | Reached skill level 1 in Necromancy
   381 | D:1      | Gained mutation: Your movements are slightly less
                  | encumbered by armour. (ER -2) [demonic ancestry]
   381 | D:1      | Reached XP level 3. HP: 18/24 MP: 6/6
   384 | D:1      | Learned a level 2 spell: Momentum Strike
   388 | D:1      | Learned a level 3 spell: Hailstorm
   876 | D:1      | Identified a scroll of acquirement
   876 | D:1      | Acquired the amulet of Traps {Reflect rPois rC++ Dex+4
                  | SH+5}
  1192 | D:2      | Reached ** piety under Hepliaklqana
  1193 | D:2      | Remembered your ancestor Septima as a battlemage
  1637 | D:3      | Identified the ring of Dishonour {MP+9 Str+3}
  1927 | D:3      | Found Awkommy's Jewellery Shop.
  1964 | D:3      | Noticed Jessica
  1967 | D:3      | Killed Jessica
  1968 | D:3      | Gained mutation: Your movements are less encumbered by
                  | armour. (ER -4) [demonic ancestry]
  1968 | D:3      | Reached XP level 4. HP: 19/30 MP: 7/7
  2001 | D:3      | Identified the +2 robe of the Butterfly {+Inv Fly Int+3}
  2291 | D:3      | Found a hide-covered altar of Uskayaw.
  2291 | D:3      | Found a radiant altar of Vehumet.
  2373 | D:3      | Noticed a gnoll sergeant
  2375 | D:3      | Found the +5 woodcutter's axe
  2393 | D:3      | Slain by a gnoll sergeant

Illustrated notes

Levels and vault maps discovered:
D:1:      wander_arrival_desolate, layout_loops_cross,
          ebering_ecumenical_altar_box
D:2:      layout_loops_ring
D:3:      layout_loops_ring, gammafunk_temple_overflow_elements, serial_shops,
          shop, pf_guarded_unrand_woodcutter, uniq_jessica

Skill      XL: |  1  2  3 |
---------------+----------+-----
Necromancy     | 1 |  1.9
Dodging        | 2 |  2.3
Axes           | 3 |  3.1
Fighting       | |  2.7
Spellcasting   | |  2.6
Conjurations   | |  3.6

Action                     |  1- 3 |  4- 6 || total
---------------------------+-------+-------++-------
  Melee: Hand axe          |    28 |       ||    28
         Punch             |     4 |     1 ||     5
         Dagger            |    81 |     8 ||    89
  Throw: Dart              |       |     2 ||     2
 Invoke: Ancestor Identity |     1 |       ||     1
         Ancestor Life: Ba |     1 |       ||     1
    Use: Scroll            |     9 |       ||     9
   Stab: Distracted        |     1 |       ||     1
 Armour: Leather armour    |    15 |       ||    15
  Dodge: Dodged            |    65 |     8 ||    73
  Block: Other             |     5 |     7 ||    12
         Reflection        |       |     1 ||     1
